houy, lawful male human Knight ------- ........ ....<.- ....(.)-- ...%....- ......%...- .......... ......... -...... -..... ..+t.|.. ....@=(. .--...- --- houy the Bachelor Experience level: 9 Strength: 18/04 Dexterity: 10 Constitution: 12 Intelligence: 7 Wisdom: 15 Charisma: 19 Health: 0(61) Energy: 71(71) Def: 8 Gold: 0 Moves: 3677 Dungeon seed: OtQ62IQU0oEafE7A Game ID: houy_1540316595 Your Inventory: Weapons b - an uncursed +2 lance (weapon in hand) c - an uncursed +1 long sword B - 4 blessed +2 daggers named Mighty Dagger (in quiver) Armor e - an uncursed +1 ring mail (being worn) k - an uncursed +0 dwarvish cloak (being worn) n - an uncursed +0 helmet (being worn) q - an uncursed +0 small shield (being worn) r - an uncursed +0 pair of leather gloves (being worn) Y - an uncursed +0 pair of kicking boots (being worn) Comestibles f - 4 uncursed carrots t - an uncursed tripe ration Scrolls g - a cursed scroll of identify h - an uncursed scroll of scare monster i - a blessed scroll of identify o - an uncursed scroll of scare monster u - an uncursed scroll of stinking cloud v - an uncursed scroll of earth E - an uncursed scroll of remove curse G - an uncursed scroll of create monster J - a cursed scroll of teleportation K - 3 uncursed scrolls of teleportation Q - an uncursed scroll of light U - an uncursed scroll of gold detection V - a cursed scroll of consecration Wands d - an uncursed wand of cancellation (0:8) s - a blessed wand of undead turning (0:4) F - an uncursed wand of undead turning (0:7) H - an uncursed wand of magic missile (0:5) P - an uncursed wand of magic missile (0:5) S - an uncursed wand of polymorph (0:4) W - an uncursed wand of make invisible (0:1) Tools a - an uncursed sack m - an uncursed credit card D - an uncursed magic marker (0:34) I - an uncursed blindfold L - an uncursed towel Gems x - an uncursed worthless piece of white glass y - 6 uncursed worthless pieces of blue glass z - 3 uncursed worthless pieces of yellowish brown glass C - 2 uncursed flints N - 3 uncursed fluorites Contents of the sack: 171 gold pieces a [uncursed] tin [of gnome lord meat] a cursed [-1] copper ring [of gain strength] a cursed coral ring [of searching] 2 [uncursed] [worthless] black gems 2 [uncursed] [worthless] orange gems 2 [uncursed] [worthless] red gems 2 [uncursed] gray stone [touchstone]'s 2 [uncursed] orange gem [agate]'s 2 [uncursed] worthless pieces of white glass Spells and supernatural/magical abilities: Name Level Category Fail Memory j - jumping 1 escape 100% 98% n - detect monsters 1 divination 100% 90% W - pray for help -- divine ? -- X - turn undead -- divine ? -- Y - supernatural jump -- ability ? -- Your skills at the end: Miscellaneous Skills shield [Basic] wands [Basic] riding [Basic] Weapon Skills long sword [Skilled] polearms [Skilled] Spellcasting Skills Final Attributes: You were stridently aligned. You were hallucinating. You saw invisible. You could jump. You were fast. You were lucky. You are dead. Vanquished creatures: a wood golem 2 giants a leather golem 3 wolves a giant spider a vampire bat 2 gnome kings a jaguar a dwarf lord a raven 2 Woodland-elves a snake an ape a yellow light a rock piercer 2 ponies a fog cloud 10 gnome lords 4 gnomish wizards 2 red naga hatchlings a black naga hatchling 2 ghouls 2 giant ants a dwarf 2 iguanas 4 hill orcs a rothe a rabid rat a jitterbug 2 giant bats an orc zombie a gas spore 2 hobbits 2 geckos a hobgoblin a cave spider a yellow mold 46 gnomes a gnome zombie a jackal a fox 3 newts 2 goblins 3 grid bugs 5 kobold zombies and a partridge in a pear tree 127 creatures vanquished. Genocided species: jitterbugs 1 species genocided. Voluntary challenges: You did not adorn yourself with jewelry or accessories. You did not cause conflict. You were not invisible. You did not have reflection. You were not displaced. You used a wielded weapon 205 times, starting on turn 1. You did not apply a unicorn horn. You did not use plumbed fixtures. You read items or engraved 9 times, starting on turn 1395. You genocided 1 type of monster, starting on turn 3466. You never polymorphed an object. You never changed form. You used no wishes. You never split a pudding. You never wrote Elbereth's name. You violated the code of chivalry, losing 4 points of alignment, starting on turn 1. Dungeon overview: The Dungeons of Doom: levels 1 to 3 Level 1 a long staircase Level 2 a general store Level 3 a fountain stairs to The Gnomish Mines The Gnomish Mines: levels 4 to 10 Level 4 stairs to The Dungeons of Doom Level 5 Level 6 some shops, a temple to Manannan Mac Lir, a magic chest, some fountains Level 7 Level 8 Level 9 Level 10 <- You were here History has recorded: On T:1 you entered the Dungeons of Doom to retrieve the Amulet of Yendor! On T:77 you reached level 2 of The Dungeons of Doom. On T:255 you reached level 3 of The Dungeons of Doom. On T:389 you advanced to experience level 2. On T:635 you reached level 1 of The Gnomish Mines. On T:642 you advanced to experience level 3. On T:820 you advanced to experience level 4. On T:868 you reached level 2 of The Gnomish Mines. On T:884 you advanced to experience level 5. On T:1117 you reached level 3 of The Gnomish Mines. On T:1377 you advanced to experience level 6. On T:1445 you entered the Minetown temple On T:1447 you opened a magic chest. On T:1519 you reached level 4 of The Gnomish Mines. On T:2642 you reached level 5 of The Gnomish Mines. On T:2657 you advanced to experience level 7. On T:3096 you reached level 6 of The Gnomish Mines. On T:3431 you reached level 7 of The Gnomish Mines. On T:3463 you advanced to experience level 8. On T:3464 you advanced to experience level 9. Score breakdown: Gold: 171 ( 17 points) Experience: 9 levels ( 800 points) Exploration: 10 levels ( 270 points) Discoveries: 21 items ( 1050 points) Variety of kills: 45 monsters ( 2000 points) Major goal: reached Minetown ( 500 points) Survival: died (score multiplied by 3) Total score: 13911 Latest messages: You are almost hit by a dart. You serenade the goomba. You frustrate the orc mummy. Something is hit. The large cat wields an aklys! You ridicule the baby purple worm. Something is hit! Something is destroyed! The earthquake beast swings her aklys at you. The rot grub thwarts you! You frustrate the vampire. The nurse swings her aklys at you. The imp thwarts you! You thwart the water elemental! You lecture the dwarf. The violet fungus swings her aklys at you. The warhorse arrests you. You kill the ettin mummy! There are several objects here. You don't have anything to drink. You stop waiting. You dance with the storm giant. The master mind flayer occupies you! You die... Final status: Fare thee well houy the Knight, killed by a hallucinogen-distorted Woodland-elf... You died in The Gnomish Mines on dungeon level 10 with 12861 points, and 171 pieces of gold, after 3677 moves. You were level 9 with a maximum of 61 hit points when you died.